 Dungeon Crawl Stone Soup version 0.22-a0-480-g991dd4b (webtiles) character file.

407 Gildenfire the Sneak (level 6, 0/32 HPs)
             Began as a Spriggan Assassin on June 16, 2018.
             Slain by a phantom (7 damage)
             ... on level 4 of the Dungeon.
             The game lasted 00:26:10 (3524 turns).

Gildenfire the Sneak (Spriggan Assassin)            Turns: 3524, Time: 00:26:10

Health: 0/32       AC:  3    Str:  7    XL:     6   Next: 57%
Magic:  19/19      EV: 20    Int: 13    God:
Gold:   156        SH:  0    Dex: 19    Spells: 10/10 levels left

rFire    . . .     SeeInvis +   a - +2 dagger
rCold    . . .     Gourm    .   (shield restricted)
rNeg     . . .     Faith    .   p - +0 robe
rPois    .         Spirit   .   (helmet restricted)
rElec    .         Reflect  .   d - +0 cloak
rCorr    .         Harm     .   (gloves unavailable)
MR       +....                  (boots unavailable)
Stlth    ++++......             (no amulet)
HPRegen  0.10/turn              k - ring of magical power
MPRegen  0.16/turn              (no ring)

@: very quick
A: very small, unfitting armour, see invisible, herbivore, speed 3, slow
metabolism 2
a: no special abilities


You were on level 4 of the Dungeon.
You were hungry.

You visited 1 branch of the dungeon, and saw 4 of its levels.

You collected 156 gold pieces.

Inventory:

Hand Weapons
 a - a +2 dagger (weapon)
 b - a +0 blowgun
Missiles
 e - 30 poisoned needles
 f - 2 curare-tipped needles
Armour
 d - a +0 cloak (worn)
 p - a +0 robe (worn)
Jewellery
 k - a ring of magical power (left hand)
Scrolls
 l - a scroll of identify
 n - a scroll of remove curse
 o - 2 scrolls of teleportation
Potions
 c - 2 potions of brilliance
 h - a potion of cancellation
 i - a potion of magic
 j - a potion of might
Comestibles
 g - 5 rations


   Skills:
 * Level 2.4 Fighting
 * Level 4.6 Short Blades
 - Level 2.0 Throwing
 * Level 4.4 Dodging
 + Level 7.8 Stealth
 * Level 2.5 Spellcasting


You had 10 spell levels left.
You didn't know any spells.
Your spell library was empty.

Dungeon Overview and Level Annotations

Branches:
Dungeon (4/15)
 Temple: D:4-7

Altars:
Dithmenos
Hepliaklqana
Okawaru
Ru


Innate Abilities, Weirdness & Mutations

You are very small and have problems with some larger weapons.
You are too small for most types of armour.
You have supernaturally acute eyesight. (SInv)
You are a herbivore.
You cover ground extremely quickly.
You need to consume almost no food.


Message History

The phantom closely misses you.
You closely miss the phantom.
The phantom is severely damaged.
The phantom misses you.
You miss the phantom.
The phantom is severely damaged.
The phantom misses you.
You barely miss the phantom.
The phantom is severely damaged.
You hit the phantom.
The phantom is severely damaged.
The phantom hits you!
* * * LOW HITPOINT WARNING * * *
You miss the phantom.
The phantom is severely damaged.
The phantom completely misses you.
You hit the phantom but do no damage.
The phantom is severely damaged.
The phantom hits you!
You die...

..# ###..### ......$#
......# ......# #..>.#
########(W..#
#.......@...##### ##
#...........##..###+###..
#.....####+###...........
#.....##....##....รท......
#..(........#............
##..........+........<...
#..####.######.###.####.
#..####.##.###.###.####.
....+....................


You could see a phantom.

Vanquished Creatures
  Menkaure (D:4)
  A hound (D:4)
  A centaur skeleton (D:3)
  An iguana (D:4)
  2 hound skeletons
  5 adders
  A shadow imp (D:4)
  An adder zombie (D:3)
  2 adder skeletons (D:3)
  4 worms
  5 dart slugs
  9 leopard geckos
  2 orcs (D:3)
  4 giant cockroaches
  8 goblins
  10 hobgoblins
  8 jackals
  4 kobolds
  2 quokkas
  2 ball pythons
  4 bats
  6 frilled lizards
  A giant cockroach zombie (D:3)
  5 rats
89 creatures vanquished.

Notes
Turn   | Place    | Note
-------+----------+-------------------------------------------
     0 | D:1      | Gildenfire the Spriggan Assassin began the quest for the Orb.
     0 | D:1      | Reached XP level 1. HP: 10/10 MP: 2/2
    39 | D:1      | Reached skill level 6 in Stealth
   124 | D:1      | Reached XP level 2. HP: 7/14 MP: 3/3
   682 | D:1      | Reached skill level 1 in Spellcasting
  1009 | D:2      | Reached XP level 3. HP: 18/18 MP: 5/5
  1178 | D:2      | Reached skill level 7 in Stealth
  1178 | D:2      | Reached XP level 4. HP: 20/23 MP: 7/7
  1478 | D:2      | Found an iron altar of Okawaru.
  2023 | D:3      | Reached XP level 5. HP: 14/26 MP: 8/8
  2947 | D:4      | Reached XP level 6. HP: 31/31 MP: 10/10
  3001 | D:4      | Noticed Menkaure
  3027 | D:4      | Killed Menkaure
  3296 | D:4      | Found a sacrificial altar of Ru.
  3377 | D:4      | Found a hazy altar of Hepliaklqana.
  3440 | D:4      | Found a shadowy altar of Dithmenos.
  3524 | D:4      | Slain by a phantom

Vault maps used:
D:1:      sevenhm_arrival_forest_fort_large_4
D:2:      lemuel_crystal_altar, minmay_cupped
D:3:      serial_undead, serial_undead_f, serial_undead_e, serial_undead_f,
          serial_undead_a, serial_undead_d, serial_undead_e, serial_undead_f
D:4:      lemuel_doored_altar, lemuel_round_altar, grunt_dithmenos_shadows,
          first_ration, serial_shops, nicolae_shop_behind_doors, uniq_menkaure,
          uniq_robin

Skill      XL: |  1  2  3  4  5 |
---------------+----------------+-----
Stealth        | 6 7 |  7.8
Dodging        | 2 3 4 |  4.4
Spellcasting   | 1 2 |  2.5
Fighting       | 2 |  2.4
Short Blades   | 3 4 |  4.6
Throwing       | |  2.0

Action                   |  1- 3 |  4- 6 || total
-------------------------+-------+-------++-------
Melee: Dagger            |   104 |   333 ||   437
 Fire: Blowgun           |       |    12 ||    12
  Use: Scroll            |     3 |     8 ||    11
       Potion            |       |     5 ||     5
 Stab: Sleeping          |    10 |    12 ||    22
       Distracted        |       |     1 ||     1
Armor: Robe              |    12 |    26 ||    38
Dodge: Dodged            |    49 |   235 ||   284

Table legend:
 A = Spawn XP
 B = Non-spawn XP
 C = Spawn XP percentage of total XP
 D = Spawn monster count
 E = Non-spawn monster count
 F = Spawn count percentage of total count
 G = Total turns spent on level
                    A         B        C        D         E        F      G
               +---------+---------+-------+---------+---------+-------+---------
         Total |       0 |     582 |   0.0 |       0 |      89 |   0.0 |  3524
               +---------+---------+-------+---------+---------+-------+---------
           D:1 |       0 |      39 |   0.0 |       0 |      21 |   0.0 |   962
           D:2 |       0 |     113 |   0.0 |       0 |      22 |   0.0 |   772
           D:3 |       0 |     159 |   0.0 |       0 |      40 |   0.0 |  1199
           D:4 |       0 |     271 |   0.0 |       0 |       6 |   0.0 |   591
               +---------+---------+-------+---------+---------+-------+---------
